 Dungeon Crawl Stone Soup version 0.32-a0-163-g159c032296 (webtiles) character file.

Game seed: 6796101806704605599

35 MachoJfn the Magician (level 3, -1/2 HPs)
             Began as a Djinni Fire Elementalist on Feb 12, 2024.
             Was a Follower of Elyvilon.
             Slain by a kobold
             ... wielding a +0 short sword of electrocution
              (2 damage)
             ... on level 2 of the Dungeon.
             The game lasted 00:04:40 (957 turns).

MachoJfn the Magician (Djinni Fire Elementalist)     Turns: 957, Time: 00:04:41

Health: -1/2       AC:  0    Str:  7    XL:     3   Next: 52%
Gold:   21         EV: 12    Int: 18    God:    Elyvilon [*.....] SH:  0 Dex: 13

rFire   + + .        (no weapon)
rCold   x . .        (no shield)
rNeg    . . .        a - melded +0 robe
rPois   ∞            (no helmet)
rElec   .            (no cloak)
rCorr   .            (no gloves)
SInv    .            (boots unavailable)
Will    .....        (no amulet)
Stlth   ++           (no ring)
HPRegen 0.20/turn    (no ring)
MPRegen 0.00/turn

%: infuse magic (-2 HP)
@: maw-form, flying
A: devouring maw, flying, reduced hp, sickness immunity, fire resistance 2, cold
vulnerability 1, float, innate caster, HP casting, extra vitality 1
a: Begin Untransformation, Renounce Religion, Purification


You were on level 2 of the Dungeon.
You worshipped Elyvilon.
Elyvilon was aware of your devotion.
You were a creature with a mouth for a stomach.
You visited 1 branch of the dungeon, and saw 2 of its levels.

You collected 21 gold pieces.

Inventory:

Missiles
 f - 11 stones
Armour
 a - a +0 robe (melded)
Talismans
 b - a maw talisman (active)
Scrolls
 d - a scroll of identify {unknown}
Potions
 c - a potion of enlightenment {unknown}
 e - a potion of curing {unknown}
 m - a potion of resistance {unknown}


   Skills:
 + Level 3.0 Dodging
 + Level 2.2 Stealth
 * Level 3.3 Spellcasting
 * Level 3.3 Conjurations
 * Level 3.3 Hexes
 * Level 3.3 Summonings
 * Level 3.3 Necromancy
 * Level 3.3 Translocations
 * Level 3.3 Fire Magic
 * Level 3.3 Ice Magic
 * Level 3.3 Air Magic
 * Level 3.3 Earth Magic
 * Level 3.3 Alchemy


You knew the following spells:

 Your Spells              Type           Power      Damage    Failure   Level
a - Foxfire               Conj/Fire      60%        2x1d7     4%          1
b - Scorch                Fire           30%        2d6       6%          2
c - Volatile Blastmotes   Fire/Tloc      30%        2d12      12%         3
d - Inner Flame           Hex/Fire       15%        N/A       12%         3
e - Flame Wave            Conj/Fire      15%        2d7       36%         4
f - Magic Dart            Conj           60%        1d6       4%          1
Your spell library was empty.

Dungeon Overview and Level Annotations

Branches:
Dungeon (2/15)

Altars:
Elyvilon


Innate Abilities, Weirdness & Mutations

You are a creature with a mouth for a stomach.
Your midsection houses a second, enormous mouth.
You are flying.
Your maximum health is decreased, since you lack skill for your form.
You are immune to sickness and miasma.
You are immune to poison.
Your flesh is very heat resistant. (rF++)
You are vulnerable to cold. (rC-)
You float through the air rather than walking.
You learn spells naturally, not from books.
Your magical power is your life essence.
You have superior vitality. (+4 MHP)


Message History

d - a scroll labelled POAG RIELUGG A kobold comes into view.
It is wielding a +0 short sword of electrocution.
You closely miss the kobold. Your bite misses the kobold.
The kobold completely misses you.
Casting: Scorch (safe; 6% risk of failure)
Confirm with . or Enter, or press ? or * to list all spells.
You conjure some foxfire!
The kobold barely misses you.
Your foxfire dissipates!
Casting: Foxfire (safe; 4% risk of failure)
Confirm with . or Enter, or press ? or * to list all spells.
You don't have enough health to cast this spell.
You closely miss the kobold. Your bite misses the kobold.
You barely miss the kobold. Your bite misses the kobold.
The kobold completely misses you.
You miss the kobold. Your bite misses the kobold. The kobold barely misses you.
You closely miss the kobold. You bite the kobold.
The kobold is moderately wounded.
The kobold closely misses you.
You hit the kobold. Your bite misses the kobold.
The kobold is severely wounded.
The kobold hits you with a +0 short sword of electrocution.
Ouch! That really hurt!
You barely miss the kobold.
The kobold is severely wounded.
The kobold barely misses you.
You closely miss the kobold. Your bite misses the kobold.
The kobold is severely wounded.
The kobold hits you with a +0 short sword of electrocution.
Ouch! That really hurt!
You barely miss the kobold. Your bite misses the kobold.
The kobold is severely wounded.
The kobold barely misses you.
You hit the kobold but do no damage. You bite the kobold, but do no damage.
The kobold is severely wounded.
The kobold barely misses you.
You closely miss the kobold.
The kobold is severely wounded.
The kobold hits you with a +0 short sword of electrocution.
Ouch! That really hurt!
You die...

#######.#
###.#####
#..)....#
#.......#
#..<....#
#.......#
#b......#
#..#####.......#
#.....KW.......#
#.#########.####
#.# #.# .#


You could see a bat and a kobold.

Vanquished Creatures
  An adder (D:2)
  A ball python (D:1)
  2 bats (D:1)
  3 endoplasms
  A giant cockroach (D:1)
  2 hobgoblins (D:1)
  3 jackals (D:1)
  2 quokkas (D:1)
  A frilled lizard (D:1)
  3 goblins
  2 kobolds
  2 rats (D:1)
23 creatures vanquished.

Vanquished Creatures (others)
  38 foxfires
38 creatures vanquished.

Grand Total: 61 creatures vanquished

Notes
Turn   | Place    | Note
-------+----------+-------------------------------------------
     0 | D:1      | MachoJfn the Djinni Fire Elementalist began the quest for
                  | the Orb.
     0 | D:1      | MachoJfn set off with the following spells memorised:
                  | Foxfire, Scorch, Volatile Blastmotes, Inner Flame, Flame
                  | Wave.
     0 | D:1      | Reached XP level 1. HP: 15/15 MP: 0/0
   114 | D:1      | Reached XP level 2. HP: 16/21 MP: 0/0
   522 | D:1      | Reached XP level 3. HP: 21/25 MP: 0/0
   522 | D:1      | Learned a level 1 spell: Magic Dart
   832 | D:2      | Found a faded altar of an unknown god.
   835 | D:2      | Prayed at the altar of an unknown god.
   835 | D:2      | Became a worshipper of Elyvilon the Healer
   835 | D:2      | Reached * piety under Elyvilon
   957 | D:2      | Slain by a kobold

Illustrated notes

Levels and vault maps discovered:
D:1:      tarquinn_simple_flora_water_a, layout_rooms, serial_glass,
          glass_columns_a, glass_columns_a
D:2:      layout_loops_ring, nicolae_ecumenical_oubliette, serial_shops, shop,
          basic_altar, uniq_crazy_yiuf_cottage

Skill      XL: |  1  2  3 |
---------------+----------+-----
Stealth        | 2 |  2.2
Dodging        | 3 |  3.0
Spellcasting   | |  3.3
Conjurations   | |  3.3
Hexes          | |  3.3
Summonings     | |  3.3
Necromancy     | |  3.3
Translocations | |  3.3
Fire Magic     | |  3.3
Ice Magic      | |  3.3
Air Magic      | |  3.3
Earth Magic    | |  3.3
Alchemy        | |  3.3

Action                     || total
---------------------------++-------
  Melee: Unarmed           ||    11
         Maw               ||     2
   Cast: Foxfire           ||    31
         Scorch            ||    15
         Magic Dart        ||     5
    Use: Scroll            ||     5
 Armour: Robe              ||     4
         Skin              ||     3
  Dodge: Dodged            ||    15
   Form: Maw               ||     1

Table legend: (Time is in decaauts)
 A = Elapsed time spent in this place.
 B = Non-inter-level travel time spent in this place.
 C = Inter-level travel time spent in this place.
 D = Time resting spent in this place.
 E = Time spent auto-exploring this place.
 F = Levels seen in this place.
 G = Mean time per level.
                   A        B        C        D        E       F      G
               +--------+--------+--------+--------+--------+-----+--------+
         Total |    956 |    588 |    368 |    121 |    298 |   2 |  478.0 |
       Dungeon |    956 |    588 |    368 |    121 |    298 |   2 |  478.0 |
               +--------+--------+--------+--------+--------+-----+--------+

Top non-repeatable levels by time:
     D:1: 832 daAuts
     D:2: 124 daAuts
